 Dungeon Crawl Stone Soup version 0.26.1-11-gd32895ea62 (webtiles) character file.

Game seed: 5080467653685270784

477 Zeld the Chiller (level 7, 0/51 HPs)
             Began as a Barachi Ice Elementalist on Sept 10, 2021.
             Slain by a goblin (1 damage)
             ... led by Robin
             ... on level 4 of the Dungeon.
             The game lasted 00:14:14 (5336 turns).

Zeld the Chiller (Barachi Ice Elementalist)         Turns: 5336, Time: 00:14:14

Health: 0/51       AC:  2    Str:  9    XL:     7   Next: 11%
Magic:  4/13       EV: 13    Int: 17    God:
Gold:   187        SH:  0    Dex: 13    Spells: 3/14 levels left

rFire    . . .     SeeInvis .   a - +2 short sword (venom)
rCold    . . .     Faith    .   (no shield)
rNeg     . . .     Spirit   .   p - +0 robe
rPois    .         Reflect  .   (no helmet)
rElec    .         Harm     .   (no cloak)
rCorr    .         Rampage  .   (no gloves)
Will     .....                  (no boots)
Stlth    ++........             (no amulet)
HPRegen  0.17/turn              (no ring)
MPRegen  0.13/turn              (no ring)

@: lethally poisoned (0 -> -1), slow
A: +LOS, swims, slowness 1, strong legs 1
a: Hop


You were on level 4 of the Dungeon.
You visited 1 branch of the dungeon, and saw 4 of its levels.

You collected 187 gold pieces.

Inventory:

Hand Weapons
 a - a +2 short sword of venom (weapon)
Armour
 p - a +0 robe (worn)
Jewellery
 r - an uncursed ring of poison resistance {unknown}
Wands
 k - a wand of digging (2)
Scrolls
 b - 2 scrolls of fog {unknown}
 c - 4 scrolls of identify {unknown}
 e - 2 scrolls of amnesia {unknown}
 f - a scroll of blinking {unknown}
 h - a scroll of enchant weapon {unknown}
 i - a scroll of immolation {unknown}
 m - 2 scrolls of teleportation {unknown}
 n - a scroll of remove curse {unknown}
 o - a scroll of enchant armour {unknown}
 q - a scroll of magic mapping {unknown}
Potions
 d - a potion of mutation {unknown}
 g - 2 potions of flight {unknown}
 j - 2 potions of haste
 l - a potion of attraction {unknown}


   Skills:
 + Level 2.5 Fighting
 + Level 2.5 Armour
 + Level 3.4 Dodging
 + Level 2.9 Stealth
 * Level 4.3 Spellcasting
 * Level 6.5 Ice Magic


You had 3 spell levels left.
You knew the following spells:

 Your Spells              Type           Power        Failure   Level
a - Freeze                Ice            100%         1%          1
b - Frozen Ramparts       Ice            50%          3%          3
c - Ozocubu's Armour      Ice            25%          3%          3
d - Hailstorm             Conj/Ice       14%          36%         4

Your spell library contained the following spells:

 Spells                   Type           Power        Failure   Level
 Magic Dart               Conj           12%          16%         1
 Blink                    Tloc           N/A          24%         2
 Call Imp                 Summ           3%           24%         2
 Slow                     Hex            3%           24%         2
 Conjure Flame            Conj/Fire      3%           43%         3
 Mephitic Cloud           Conj/Pois/Air  3%           43%         3
 Summon Ice Beast         Ice/Summ       14%          36%         4


Dungeon Overview and Level Annotations

Branches:
Dungeon (4/15)
 Temple: D:4-7

Altars:
Fedhas
Makhleb
Xom
Yredelemnul


Innate Abilities, Weirdness & Mutations

You can be seen from farther away. (+LOS)
You can swim through water.
You cover ground slowly.
You can hop short distances.


Message History

You freeze the goblin.
You kill the goblin!
The goblin misses you.
Unknown command.
You feel sick.
Items here: ! ))) ††††.
The goblin barely misses you.
Things that are here:
a +0 dagger; a goblin corpse
Items here: ( ))) †.
You feel sick. The goblin hits you but does no damage.
You feel sick.
The centaur wields a +0 shortbow.
The centaur shoots an arrow.
The arrow misses you.
You see here an arrow.
You feel sick.
The centaur shoots an arrow.
The arrow hits you!
* * * LOW HITPOINT WARNING * * *
The goblin hits you.
You die...

.....(......................
).................)..###....
.#.##........#.......# .
.#.##........#......?#
.#.##........#...g.Z.#
.#......††...#...###)#
..(...##.###...cZ# #)#
....<...†###...#g# #c#
...............#@# #Z#
.........PPPP..#.# #g#
.........P.PPP.#.. #.#
.......#.PP_P #..##.#
.......#...PP ....#.#
####...#.PPP.......#.. #
#.#########........ # #.#
........ # #.# ##.#....


You could see a centaur, 2 goblins and a centaur skeleton.

Vanquished Creatures
  Duvessa (D:4)
  A bullfrog (D:3)
  Dowan (D:4)
  A scorpion (D:3)
  3 worker ants
  Robin (D:4)
  5 adders
  A worm (D:2)
  3 dart slugs
  2 leopard geckos
  An orc (D:4)
  9 hobgoblins
  11 jackals
  A kobold (D:1)
  2 quokkas
  A ball python (D:1)
  11 bats
  4 frilled lizards
  11 goblins
  4 rats
74 creatures vanquished.

Notes
Turn   | Place    | Note
-------+----------+-------------------------------------------
     0 | D:1      | Zeld the Barachi Ice Elementalist began the quest for the
                  | Orb.
     0 | D:1      | Reached XP level 1. HP: 13/13 MP: 3/3
   363 | D:1      | Reached XP level 2. HP: 18/20 MP: 1/5
   364 | D:1      | Reached skill level 5 in Ice Magic
   961 | D:1      | Reached XP level 3. HP: 22/25 MP: 3/6
   965 | D:1      | Learned a level 3 spell: Frozen Ramparts
   969 | D:1      | Learned a level 3 spell: Ozocubu's Armour
  1536 | D:2      | Reached skill level 1 in Fighting
  1589 | D:2      | Reached skill level 1 in Armour
  1905 | D:2      | Reached XP level 4. HP: 31/32 MP: 5/8
  2068 | D:2      | Found a shimmering altar of Xom.
  2069 | D:2      | Found a burning altar of Makhleb.
  2317 | D:2      | Found a basalt altar of Yredelemnul.
  2992 | D:3      | Reached XP level 5. HP: 33/37 MP: 5/9
  3936 | D:4      | Found a blossoming altar of Fedhas.
  3936 | D:4      | Noticed a centaur
  4487 | D:3      | Reached skill level 6 in Ice Magic
  4487 | D:3      | Reached XP level 6. HP: 37/44 MP: 7/11
  4492 | D:3      | Learned a level 4 spell: Hailstorm
  4902 | D:4      | Noticed Duvessa
  4942 | D:4      | Noticed Dowan
  4962 | D:4      | Killed Duvessa
  4967 | D:4      | Killed Dowan
  5192 | D:4      | Reached XP level 7. HP: 44/51 MP: 4/13
  5291 | D:4      | Noticed Robin
  5299 | D:4      | Killed Robin
  5336 | D:4      | HP: 1/51 [centaur/arrow (15)]
  5336 | D:4      | Slain by a goblin

Illustrated notes

Levels and vault maps discovered:
D:1:      nzn_arrival_water_spiral, layout_loops_ring
D:2:      layout_loops_ring, nicolae_overflow_hidden_temple,
          overflow_temple_1_default
D:3:      layout_basic, chequers_jeans
D:4:      layout_basic, fedhas_bush_and_centaur_altar, uniq_duvessa, uniq_robin

Skill      XL: |  1  2  3  4  5  6 |
---------------+-------------------+-----
Ice Magic      | 5 6 |  6.5
Stealth        | 2 |  2.9
Fighting       | 1 2 |  2.5
Armour         | 1 2 |  2.5
Spellcasting   | 3 4 |  4.3
Dodging        | 3 |  3.4

Action                   |  1- 3 |  4- 6 |  7- 9 || total
-------------------------+-------+-------+-------++-------
Melee: Unarmed           |    14 |     5 |       ||    19
       Short sword       |       |       |     3 ||     3
 Cast: Freeze            |    51 |    55 |    12 ||   118
       Frozen Ramparts   |     2 |     3 |     1 ||     6
       Ozocubu's Armour  |       |     1 |       ||     1
Armor: Robe              |    11 |    11 |     3 ||    25
Dodge: Dodged            |    43 |    45 |    15 ||   103
